 Dungeon Crawl Stone Soup version 0.27.1 (webtiles) character file.

Game seed: 10800125274956887257

156 Malachi the Chiller (level 5, -1/35 HPs)
             Began as a Demonspawn Ice Elementalist on Aug 25, 2021.
             Was an Initiate of Hepliaklqana.
             Slain by a phantom (3 damage)
             ... on level 4 of the Dungeon.
             The game lasted 00:04:28 (4423 turns).

Malachi the Chiller (Demonspawn Ice Elementalist)   Turns: 4423, Time: 00:04:29

Health: -1/35      AC:  2    Str:  8    XL:     5   Next: 15%
Magic:  18/18      EV: 12    Int: 18    God:    Hepliaklqana [......]
Gold:   190        SH:  0    Dex: 13    Spells: 6/10 levels left

rFire    . . .     SeeInvis .   (no weapon)
rCold    . . .     Faith    .   (no shield)
rNeg     . . .     Spirit   .   a - +0 robe
rPois    .         Reflect  .   (no helmet)
rElec    .         Harm     .   (no cloak)
rCorr    .         Rampage  .   (no gloves)
Will     .....                  (no boots)
Stlth    ++........             (no amulet)
HPRegen  0.11/turn              b - ring of magical power
MPRegen  0.16/turn              (no ring)

@: brilliant
A: talons 1, powered by death 1
a: Renounce Religion


You were on level 4 of the Dungeon.
You worshipped Hepliaklqana.
Hepliaklqana was noncommittal.
You visited 1 branch of the dungeon, and saw 4 of its levels.

You collected 190 gold pieces.

Inventory:

Missiles
 h - a throwing net
Armour
 a - a +0 robe (worn)
Jewellery
 b - a ring of magical power (left hand)
Scrolls
 c - a scroll of identify
 e - a scroll of teleportation
 g - a scroll of blinking
 l - a scroll of immolation {unknown}
Potions
 k - a potion of heal wounds
 m - a potion of curing


   Skills:
 + Level 0.2 Fighting
 + Level 2.0 Dodging
 + Level 2.1 Stealth
 - Level 0.2 Unarmed Combat
 + Level 3.1 Spellcasting
 * Level 5.0 Ice Magic


You had 6 spell levels left.
You knew the following spells:

 Your Spells              Type           Power      Damage    Failure   Level
a - Freeze                Ice            100%       1d11      1%          1
b - Frozen Ramparts       Ice            62%        1d8       6%          3

Your spell library contained the following spells:

 Spells                   Type           Power      Damage    Failure   Level
 Ozocubu's Armour         Ice            31%        N/A       6%          3
 Hailstorm                Conj/Ice       17%        3d6       50%         4
 Fireball                 Conj/Fire      2%         3d4       99%         5
 Iskenderun's Battlesphe  Conj           4%         2d6       99%         5
 Conjure Ball Lightning   Conj/Air       2%         3x3d6     100%        6
 Orb of Destruction       Conj           2%         9d1       100%        7


Dungeon Overview and Level Annotations

Branches:
Dungeon (4/15)
 Temple: D:4-7

Altars:
Hepliaklqana

Shops:
D:1 ?


Innate Abilities, Weirdness & Mutations

You have sharp toenails.
You regenerate a little health from kills.


Message History

You are too injured to fight recklessly!
You are too injured to fight recklessly!
You are too injured to fight recklessly!
You are too injured to fight recklessly!
You are too injured to fight recklessly!
You are too injured to fight recklessly!
You are too injured to fight recklessly!
You are too injured to fight recklessly!
Unknown command.
You are too injured to fight recklessly!
You are too injured to fight recklessly!
You closely miss the phantom.
The phantom is moderately damaged.
The phantom hits you but does no damage.
You closely miss the phantom. You claw the phantom, but do no damage.
The phantom is moderately damaged.
The phantom barely misses you.
You hit the phantom but do no damage.
The phantom is moderately damaged.
The phantom hits you!
* * * LOW HITPOINT WARNING * * *
You hit the phantom but do no damage. You claw the phantom, but do no damage.
The phantom is moderately damaged.
The phantom barely misses you.
You closely miss the phantom. You claw the phantom.
The phantom is moderately damaged.
The phantom hits you.
* * * LOW HITPOINT WARNING * * *
You barely miss the phantom.
The phantom is moderately damaged.
The phantom hits you.
* * * LOW HITPOINT WARNING * * *
The phantom blinks!
You blink.
You hit the phantom but do no damage.
The phantom is moderately damaged.
The phantom barely misses you.
You miss the phantom.
The phantom is moderately damaged.
The phantom hits you.
You die...

#.# ##### #.# ...#
#.# #######.###.#
............########
.######.###........#
#.# #.######.# #.#
#.##...#.## #.#
#W@..#....# #.#
####....#..... #.#
####...#### #.# #.##
#.# ... #.# #### #.#
#.# #.#


You could see a phantom.

Vanquished Creatures
  A hound (D:4)
  A centaur zombie (D:4)
  An iguana (D:4)
  2 adders
  2 worms (D:2)
  2 dart slugs
  An orc (D:3)
  4 endoplasms
  4 goblins
  4 hobgoblins
  5 kobolds
  A quokka (D:2)
  3 ball pythons
  3 bats (D:1)
  3 frilled lizards
  7 rats
44 creatures vanquished.

Notes
Turn   | Place    | Note
-------+----------+-------------------------------------------
     0 | D:1      | Malachi the Demonspawn Ice Elementalist began the quest for
                  | the Orb.
     0 | D:1      | Reached XP level 1. HP: 13/13 MP: 3/3
   351 | D:1      | Reached skill level 4 in Ice Magic
   421 | D:1      | Gained mutation: You have sharp toenails. [demonic
                  | ancestry]
   421 | D:1      | Reached XP level 2. HP: 19/19 MP: 3/5
   820 | D:1      | Found Folycikk's Magic Scroll Shoppe.
  1256 | D:1      | Identified a scroll of acquirement
  1256 | D:1      | Acquired a ring of magical power
  1482 | D:2      | Reached XP level 3. HP: 24/24 MP: 6/6
  1542 | D:2      | Found a hazy altar of Hepliaklqana.
  1571 | D:2      | Became a worshipper of Hepliaklqana the Forgotten
  2064 | D:2      | Learned a level 3 spell: Frozen Ramparts
  2915 | D:4      | Reached XP level 4. HP: 3/30 MP: 7/7
  3684 | D:4      | Reached skill level 5 in Ice Magic
  3684 | D:4      | Gained mutation: You regenerate a little health from kills.
                  | [demonic ancestry]
  3684 | D:4      | Reached XP level 5. HP: 35/35 MP: 9/9
  4394 | D:4      | Noticed a phantom
  4423 | D:4      | Slain by a phantom

Illustrated notes

Levels and vault maps discovered:
D:1:      lightli_iron_boxes, layout_basic, serial_shops, shop,
          kennysheep_pointless_box, minivault_11
D:2:      layout_loops_ring, basic_altar
D:3:      layout_loops_ring
D:4:      cheibrodos_greedy_goblins, layout_loops_ring, kennysheep_flooded_box,
          kennysheep_big_empty_room

Skill      XL: |  1  2  3  4 |
---------------+-------------+-----
Ice Magic      | 4 5 |  5.0
Stealth        | 2 |  2.1
Dodging        | 2 |  2.0
Spellcasting   | 3 |  3.1
Fighting       | |  0.2
Unarmed Combat | |  0.2

Action                   |  1- 3 |  4- 6 || total
-------------------------+-------+-------++-------
Melee: Unarmed           |    18 |    51 ||    69
       Kick              |     2 |    14 ||    16
 Cast: Freeze            |    61 |    11 ||    72
       Frozen Ramparts   |     1 |     2 ||     3
  Use: Scroll            |     4 |     2 ||     6
       Potion            |     2 |     4 ||     6
 Stab: Sleeping          |     1 |       ||     1
Armor: Robe              |    11 |    19 ||    30
Dodge: Dodged            |    38 |    68 ||   106
